 Dungeon Crawl Stone Soup version 0.29-a0-813-g4a14ea37d6 (webtiles) character file.

Game seed: 5794791245109003572

7 gobodom the Grave Robber (level 1, 0/13 HPs)
             Began as a Demonspawn Necromancer on July 4, 2022.
             Slain by a bat (1 damage)
             ... on level 1 of the Dungeon.
             The game lasted 00:00:52 (243 turns).

gobodom the Grave Robber (Demonspawn Necromancer)    Turns: 243, Time: 00:00:53

Health: 0/13       AC:  2    Str:  8    XL:     1   Next: 91%
Magic:  0/3        EV: 12    Int: 16    God:
Gold:   0          SH:  0    Dex: 13    Spells: 3/4 levels left

rFire   . . .      SeeInvis .   f - +0 dagger
rCold   . . .      Faith    .   (no shield)
rNeg    . . .      Spirit   .   a - +0 robe
rPois   .          Reflect  .   (no helmet)
rElec   .          Harm     .   (no cloak)
rCorr   .          Rampage  .   (no gloves)
Will    .....                   (no boots)
Stlth   ++........              (no amulet)
HPRegen 0.04/turn               (no ring)
MPRegen 0.08/turn               (no ring)

@: no status effects
A: no striking features
a: no special abilities


You were on level 1 of the Dungeon.
You visited 1 branch of the dungeon, and saw 1 of its levels.

Inventory:

Hand Weapons
 f - a +0 dagger (weapon)
Missiles
 c - 3 javelins
Armour
 a - a +0 robe (worn)
Scrolls
 e - a scroll of fog {unknown}
Potions
 b - a potion of magic
 d - 2 potions of curing {unknown}


   Skills:
 + Level 1.7 Dodging
 + Level 1.9 Stealth
 + Level 2.0 Spellcasting
 + Level 4.7 Necromancy


You had 3 spell levels left.
You knew the following spells:

 Your Spells              Type           Power      Damage    Failure   Level
a - Necrotise             Necr           64%        1d7       3%          1

Your spell library contained the following spells:

 Spells                   Type           Power      Damage    Failure   Level
 Vampiric Draining        Necr           16%        2d7       9%          3
 Animate Dead             Necr           16%        N/A       28%         4
 Agony                    Necr           16%        N/A       63%         5


Dungeon Overview and Level Annotations

Branches:
Dungeon (1/15)

Altars:


Message History

The bat hits your bat skeleton.
The quokka writhes in agony.
Your bat skeleton barely misses the quokka.
The bat hits your bat skeleton. The quokka bites you.
Your bat skeleton hits the quokka but does no damage.
You are out of magic!
You closely miss the quokka.
The quokka is heavily wounded.
Your bat skeleton hits the quokka but does no damage.
The bat barely misses your bat skeleton.
Your bat skeleton closely misses the quokka.
The quokka bites you.
Your bat skeleton completely misses the quokka.
The quokka barely misses you.
You hit the quokka but do no damage.
The quokka is heavily wounded.
The bat hits your bat skeleton.
Your bat skeleton hits the quokka but does no damage.
The bat hits your bat skeleton.
Your bat skeleton completely misses the bat.
The bat barely misses your bat skeleton.
The quokka bites you.
* * * LOW HITPOINT WARNING * * *
Your bat skeleton misses the bat.
You hit the quokka.
The quokka is severely wounded.
The bat hits your bat skeleton.
Your bat skeleton is destroyed!
The quokka bites you but does no damage.
You closely miss the quokka.
The quokka is severely wounded.
The quokka closely misses you.
You hit the quokka but do no damage.
The quokka is severely wounded.
The bat hits you but does no damage. The quokka bites you.
* * * LOW HITPOINT WARNING * * *
You barely miss the quokka.
The quokka is severely wounded.
The quokka closely misses you. The bat hits you.
You die...

#### ...## ##..##
###..# ##.#
####.##############
..##..............##
#.....##########@..#
.###..# #rb.#
...#..# #...#
##.#### ...## #..###
...# ##...# ...##
##### ...# ...##


You could see a quokka and a bat.

Vanquished Creatures
  A ball python (D:1)
  A goblin (D:1)
  A hobgoblin (D:1)
  2 bats (D:1)
  A rat (D:1)
6 creatures vanquished.

Vanquished Creatures (collateral kills)
  An endoplasm (D:1)
1 creature vanquished.

Grand Total: 7 creatures vanquished

Notes
Turn   | Place    | Note
-------+----------+-------------------------------------------
     0 | D:1      | gobodom the Demonspawn Necromancer began the quest for the
                  | Orb.
     0 | D:1      | Reached XP level 1. HP: 13/13 MP: 3/3
   243 | D:1      | Slain by a bat

Illustrated notes

Levels and vault maps discovered:
D:1:      pf_arrival_petrified_forest, layout_rooms,
          shapermc_ecumenical_altar_acropolis, serial_curves, eino_curves_01,
          eino_curves_03

Action                   || total
-------------------------++-------
Melee: Dagger            ||     6
 Cast: Necrotise         ||    13
Armor: Robe              ||     2
Dodge: Dodged            ||     3

Table legend: (Time is in decaauts)
 A = Elapsed time spent in this place.
 B = Non-inter-level travel time spent in this place.
 C = Inter-level travel time spent in this place.
 D = Time resting spent in this place.
 E = Time spent auto-exploring this place.
 F = Levels seen in this place.
 G = Mean time per level.
                   A        B        C        D        E       F      G
               +--------+--------+--------+--------+--------+-----+--------+
         Total |    242 |    242 |      0 |      0 |    186 |   1 |  242.0 |
       Dungeon |    242 |    242 |      0 |      0 |    186 |   1 |  242.0 |
               +--------+--------+--------+--------+--------+-----+--------+

Top non-repeatable levels by time:
     D:1: 242 daAuts
